 Dungeon Crawl Stone Soup version 0.26-a0-651-gb41185065b (webtiles) character file.

Game seed: 10474107170333320438

2508 Gottschkopf the Martial Artist (level 9, -21/70 HPs)
             Began as a Yellow Draconian Transmuter on Sept 30, 2020.
             Was a Believer of Ru.
             Demolished by an orc warrior
             ... wielding a +0 hand axe
              (32 damage)
             ... on level 8 of the Dungeon.
             The game lasted 00:13:06 (7101 turns).

Gottschkopf the Martial Artist (DrTm)               Turns: 7101, Time: 00:13:07

Health: -21/70     AC:  8    Str: 13    XL:     9   Next: 28%
Magic:  11/12      EV: 12    Int: 15    God:    Ru [**....]
Gold:   704        SH:  0    Dex: 13    Spells: 1/12 levels left

rFire    . . .     SeeInvis +     - Unarmed
rCold    . . .     Faith    .   (no shield)
rNeg     + . .     Spirit   .   (armour unavailable)
rPois    .         Reflect  .   (helmet currently unavailable)
rElec    .         Harm     .   o - +0 cloak
rCorr    +         Rampage  .   (no gloves)
MR       .....                  (boots currently unavailable)
Stlth    +.........             a - amulet of regeneration
HPRegen  0.61/turn              c - ring of see invisible
MPRegen  0.13/turn              z - ring of positive energy

@: appendages
A: spit acid, unfitting armour, horns 1, talons 2, robust 1, cold-blooded, hated
by all, no hexes magic, no ice magic, no necromancy magic, acid resistance, AC
+7
a: Breathe Acid, End Transformation, Renounce Religion


You were on level 8 of the Dungeon.
You worshipped Ru.
Ru was pleased with you.
You had grown temporary talons.
You visited 1 branch of the dungeon, and saw 8 of its levels.

You collected 704 gold pieces.

Inventory:

Hand Weapons
 x - the +6 dagger "Ogrebane" {pain, MR+ Str-3 Stlth+, unknown}
   (You found it on level 5 of the Dungeon)

   In the hands of one skilled in necromantic magic, it inflicts extra damage on
   living creatures.
   It affects your strength (-3).
   It affects your resistance to hostile enchantments.
   It makes you more stealthy.
Armour
 o - a +0 cloak (worn)
Jewellery
 a - an amulet of regeneration (around neck)
 c - a ring of see invisible (left hand)
 k - an uncursed amulet of guardian spirit
 z - a ring of positive energy (right hand)
Wands
 n - a wand of polymorph (14)
 v - a wand of digging (3)
 y - a wand of flame (19)
 A - a wand of iceblast (5)
Scrolls
 b - a scroll of immolation {unknown}
 f - a scroll of fog
 g - 2 scrolls of enchant weapon
 h - 2 scrolls of fear {unknown}
 i - 6 scrolls of remove curse
 j - 5 scrolls of amnesia
 m - 3 scrolls of teleportation
 t - 2 scrolls of magic mapping
 B - a scroll of enchant armour {unknown}
 C - a scroll of holy word
Potions
 d - 3 potions of heal wounds
 e - a potion of might
 l - 2 potions of resistance
 p - a potion of haste {unknown}
 q - a potion of invisibility
 r - 3 potions of curing
 s - 2 potions of flight
 u - a potion of mutation
 w - a potion of brilliance
 D - a potion of stabbing {unknown}


   Skills:
 - Level 1.1 Fighting
 - Level 1.7 Dodging
 - Level 10.0 Unarmed Combat
 - Level 2.0 Spellcasting
 + Level 8.2 Transmutations
 - Level 2.0 Poison Magic


You had one spell level left.
You knew the following spells:

 Your Spells              Type           Power        Failure   Level
a - Beastly Appendage     Tmut           ####..       1%          1
b - Spider Form           Tmut/Pois      ###.......   9%          3
c - Wereblood             Tmut           ####....     1%          2
d - Blade Hands           Tmut           ####......   21%         5

Your spell library contained the following spells:

 Spells                   Type           Power        Failure   Level
 Ice Form                 Ice/Tmut       Unusable     N/A         4

Dungeon Overview and Level Annotations

Branches:
Dungeon (8/15)             Temple (0/1) D:5
   Lair: D:8-11

Altars:
Okawaru
Ru
Trog

Shops:
D:5 (


Innate Abilities, Weirdness & Mutations

You can spit globs of acid.
Your golden yellow scales are hard. (AC +7)
You cannot fit into any form of body armour.
You are cold-blooded and may be slowed by cold attacks.
You are hated by all.
You cannot study or cast Hexes magic.
You cannot study or cast Ice magic.
You cannot study or cast Necromancy magic.
You are resistant to acid. (rCorr)
You have a pair of small horns on your head.
You have razor-sharp toenails.
You are robust. (+10% HP)


Message History

The orc warrior is severely wounded.
The orc warrior hits you with a +0 hand axe.
You hit the orc warrior but do no damage.
Your headbutt misses the orc warrior.
Your tail-slap misses the orc warrior.
The orc warrior is severely wounded.
The orc warrior is stunned by your will and fails to attack.
Casting: Beastly Appendage (safe; 1% risk of failure)
Confirm with . or Enter, or press ? or * to list all spells.
You extend your transformation's duration.
The orc warrior is no longer blind.
The orc warrior hits you with a +0 hand axe!
* * * LOW HITPOINT WARNING * * *
Unknown command.
You barely miss the orc warrior. Your kick misses the orc warrior.
Your tail-slap misses the orc warrior.
The orc warrior is severely wounded.
The orc warrior hits you with a +0 hand axe.
* * * LOW HITPOINT WARNING * * *
The orc warrior hits you with a +0 hand axe!!
You die...

##.#
##.##
...#
#.#
####
#.#
#.#
##.##
#<..#
##'##
#.o.#
#.@.#
#...#
#!..#
#...#
#_._#
#####


You could see an orc warrior (berserk, corona).

Vanquished Creatures
  Menkaure (D:5)
  2 orc warriors
  2 sky beasts
  A phantom (D:5)
  2 ogres (D:8)
  2 centaurs
  A big kobold (D:8)
  A bullfrog (D:6)
  A wyvern zombie (D:7)
  2 scorpions
  A howler monkey (D:7)
  5 orc wizards
  Crazy Yiuf (D:6)
  3 hounds
  2 centaur skeletons
  A bullfrog skeleton (D:4)
  A jelly (D:5)
  5 orc priests
  Ijyb (D:3)
  An iguana (D:4)
  5 worker ants
  A hound zombie (D:7)
  A mummy (D:4)
  2 worker ant zombies
  8 adders
  7 gnolls
  A howler monkey skeleton (D:6)
  A white imp (D:8)
  2 oozes
  2 adder skeletons (D:4)
  6 worms
  2 dart slugs
  8 leopard geckos
  17 orcs
  7 bats
  9 giant cockroaches
  9 goblins
  15 hobgoblins
  7 jackals
  7 kobolds
  A quokka (D:8)
  3 ball pythons
  A frilled lizard (D:1)
  3 hobgoblin zombies (D:4)
  A leopard gecko zombie (D:5)
  An orc zombie (D:4)
  5 rats
168 creatures vanquished.

Vanquished Creatures (others)
  A kobold (D:8)
1 creature vanquished.

Grand Total: 169 creatures vanquished

Notes
Turn   | Place    | Note
-------+----------+-------------------------------------------
     0 | D:1      | Gottschkopf the Draconian Transmuter began the quest for
                  | the Orb.
     0 | D:1      | Reached XP level 1. HP: 16/16 MP: 3/3
   240 | D:1      | Reached XP level 2. HP: 20/23 MP: 3/5
   491 | D:1      | Reached skill level 4 in Unarmed Combat
   967 | D:1      | Reached XP level 3. HP: 25/28 MP: 3/6
   972 | D:1      | Learned a level 3 spell: Spider Form
   975 | D:1      | Learned a level 2 spell: Wereblood
  1334 | D:2      | Reached skill level 1 in Poison Magic
  1471 | D:2      | Found a sacrificial altar of Ru.
  1540 | D:2      | Became a worshipper of Ru the Awakened
  1598 | D:2      | Reached XP level 4. HP: 35/35 MP: 5/7
  2231 | D:3      | Reached XP level 5. HP: 38/40 MP: 6/8
  2560 | D:3      | Gained mutation: You cannot study or cast Ice magic. [Ru
                  | sacrifice]
  2560 | D:3      | Gained mutation: You cannot study or cast Hexes magic. [Ru
                  | sacrifice]
  2560 | D:3      | Gained mutation: You cannot study or cast Necromancy magic.
                  | [Ru sacrifice]
  2560 | D:3      | Reached * piety under Ru
  3120 | D:3      | Noticed Ijyb
  3126 | D:3      | Killed Ijyb
  3305 | D:4      | Reached skill level 5 in Transmutations
  3305 | D:4      | Reached XP level 6. HP: 42/47 MP: 4/9
  3732 | D:5      | Entered Level 5 of the Dungeon
  3823 | D:5      | Reached skill level 5 in Unarmed Combat
  3922 | D:5      | Found a staircase to the Ecumenical Temple.
  3924 | D:5      | Found Werphyesa's Antique Weapon Boutique.
  3925 | D:5      | Noticed Menkaure
  3935 | D:5      | Killed Menkaure
  3935 | D:5      | Your scales start taking on a golden yellow colour.
  3935 | D:5      | Reached XP level 7. HP: 9/52 MP: 8/10
  3935 | D:5      | Gained mutation: You are resistant to acid. (rCorr) [Yellow
                  | Draconian growth]
  4026 | D:5      | Reached skill level 6 in Unarmed Combat
  4035 | D:5      | Got a scorched dagger
  4205 | D:5      | Gained mutation: You have a pair of small horns on your
                  | head. [potion of mutation]
  4205 | D:5      | Gained mutation: You are robust. (+10% HP) [potion of
                  | mutation]
  4322 | D:5      | Reached skill level 7 in Unarmed Combat
  4502 | D:5      | Reached XP level 8. HP: 56/64 MP: 9/11
  4762 | D:6      | Found a runed translucent door.
  4763 | D:6      | Noticed Crazy Yiuf
  4775 | D:6      | Killed Crazy Yiuf
  4927 | D:6      | Reached skill level 8 in Unarmed Combat
  5194 | D:6      | Gained mutation: You are hated by all. [Ru sacrifice]
  5194 | D:6      | Reached ** piety under Ru
  5707 | D:7      | Reached skill level 9 in Unarmed Combat
  5964 | D:7      | Reached skill level 10 in Unarmed Combat
  6329 | D:7      | Reached XP level 9. HP: 68/70 MP: 6/12
  6522 | D:8      | Learned a level 5 spell: Blade Hands
  7084 | D:8      | Found a bloodstained altar of Trog.
  7085 | D:8      | Found an iron altar of Okawaru.
  7101 | D:8      | Demolished by an orc warrior

Illustrated notes

Levels and vault maps discovered:
D:1:      dpeg_cavernosity, layout_basic, kennysheep_minor_cross,
          minmay_door_square
D:2:      layout_loops_ring, nicolae_ru_the_path_less_chosen
D:3:      layout_loops_ring, serial_co_window_serial, co_window_corner_a,
          co_window_corner_a, co_window_corner_a, co_window_paths_b,
          co_window_paths_b, co_window_of_opportunity_a, co_window_2corner,
          co_window_paths_c, co_window_broadway_b, co_window_broadway_c,
          co_window_of_opportunity_b, co_window_paths_c, co_window_4corner_a,
          glass_columns_a, uniq_ijyb
D:4:      minmay_polygon_palace, layout_cave_pods, corexii_checkpoint_b,
          minivault_11, minmay_mini_ossuary
D:5:      minmay_razor_zed, layout_cave_pools, minmay_temple_entry_crystal_x,
          serial_shops, shop, uniq_menkaure
D:6:      layout_basic, roderic_lattice_a, uniq_crazy_yiuf_cottage
D:7:      layout_loops_ring, minmay_puff
D:8:      layout_loops_ring, grunt_temple_overflow_bloody_war

Skill      XL: |  1  2  3  4  5  6  7  8  9 |
---------------+----------------------------+-----
Unarmed Combat | 4 5 7 10 | 10.0
Poison Magic   | 1 2 |  2.0
Transmutations | 3 5 6 8 |  8.2
Fighting       | |  1.1
Dodging        | |  1.7
Spellcasting   | |  2.0

Action                   |  1- 3 |  4- 6 |  7- 9 || total
-------------------------+-------+-------+-------++-------
Melee: Unarmed           |   103 |   228 |   238 ||   569
       Kick              |    10 |    45 |    34 ||    89
       Tailslap          |     8 |    21 |    13 ||    42
       Headbutt          |     4 |    22 |    25 ||    51
       Punch             |     1 |     4 |     5 ||    10
 Cast: Beastly Appendage |    28 |    43 |    35 ||   106
       Spider Form       |       |     3 |     9 ||    12
       Wereblood         |       |     3 |    10 ||    13
Invok: Sacrifice Arcana  |       |     1 |       ||     1
       Sacrifice Love    |       |       |     1 ||     1
  Use: Scroll            |       |       |    17 ||    17
       Potion            |       |       |     1 ||     1
 Stab: Sleeping          |     1 |       |       ||     1
       Distracted        |       |       |     1 ||     1
       Invisible         |       |       |     2 ||     2
Armor: Skin              |    37 |    54 |    35 ||   126
Dodge: Dodged            |    52 |   124 |   139 ||   315

Table legend: (Time is in decaauts)
 A = Elapsed time spent in this place.
 B = Non-inter-level travel time spent in this place.
 C = Inter-level travel time spent in this place.
 D = Time resting spent in this place.
 E = Time spent auto-exploring this place.
 F = Levels seen in this place.
 G = Mean time per level.
                   A        B        C        D        E       F      G
               +--------+--------+--------+--------+--------+-----+--------+
         Total |   7034 |   6877 |    157 |     86 |   5541 |   8 |  879.2 |
       Dungeon |   7034 |   6877 |    157 |     86 |   5541 |   8 |  879.2 |
               +--------+--------+--------+--------+--------+-----+--------+

Top non-repeatable levels by time:
     D:3: 1286 daAuts
     D:1: 1172 daAuts
     D:5: 974 daAuts
     D:6: 887 daAuts
     D:7: 841 daAuts
     D:2: 817 daAuts
     D:8: 621 daAuts
     D:4: 433 daAuts
